Map: [ESL] Moondance

Players

Vindicta - Winner!

  • Race: Terran Terran
  • Spawn Location: 12:00

DisK

  • Race: Protoss Protoss
  • Spawn Location: 6:00

Event: DreamHack SC2 Masters 2022 Atlanta (Online)

VOD

Have the link to the VOD?

Description

Time

  • Played on: Oct. 13, 2022, 5:13 p.m.
  • Length: 17:30

All games in this series

Show
View Real Time Build Order
Export as new Build Order

Vindicta Terran - Winner!

Build Orders:  

Get SALT Encoding   

  12  0:00  SCV  
  13  0:12  SCV  
  14  0:21  Supply Depot  
  14  0:24  SCV  
  15  0:43  SCV, Barracks  
  15  0:46  Refinery  
  16  0:55  SCV  
  17  0:58  Refinery  
  17  1:07  SCV  
  18  1:19  SCV  
  19  1:30  Reaper  
  19  1:32  Orbital Command  
  20  1:41  Bunker  
  20  1:43  Supply Depot  
  20  1:58  SCV  
  21  2:02  Reaper  
  22  2:09  Factory  
  22  2:10  SCV  
  24  2:22  SCV  
  24  2:35  SCV  
  25  2:47  SCV  
  26  2:54  Hellion  
  26  2:56  Command Center  
  28  2:59  SCV  
  28  3:03  Supply Depot  
  29  3:11  SCV  
  30  3:13  Starport  
  30  3:23  SCV  
  30  3:24  Factory Tech Lab  
  30  3:26  Widow Mine  
  31  3:33  Barracks  
  31  3:35  SCV  
  31  3:40  Barracks  
  32  3:47  SCV  
  33  3:51  Factory Tech Lab  
  31  3:59  SCV  
  31  4:00  Starport Tech Lab  
  32  4:08  Orbital Command  
  35  4:10  Siege Tank  
  35  4:11  SCV  
  35  4:13  Barracks Reactor  
  36  4:23  SCV, Barracks Tech Lab  
  40  4:29  Barracks Tech Lab  
  40  4:30  Orbital Command  
  40  4:33  Engineering Bay  
  40  4:35  SCV  
  41  4:41  Raven  
  40  4:47  Stimpack, Marine x2  
  40  4:48  SCV  
  40  4:49  Marine  
  44  4:56  Bunker, SCV  
  44  4:58  Supply Depot  
  45  5:00  Marine  
  45  5:02  Combat Shield  
  45  5:05  SCV, Marine  
  48  5:07  Marine  
  48  5:10  SCV  
  48  5:14  Refinery  
  50  5:17  SCV  
  51  5:22  Marine x2  
  51  5:23  Marauder  
  51  5:26  Siege Tank  
  51  5:27  SCV  
  59  5:29  SCV  
  59  5:30  Marine  
  59  5:37  Starport Reactor  
  59  5:39  Marine  
  59  5:40  Marine  
  59  5:41  Supply Depot, Refinery  
  59  5:42  SCV  
  61  5:44  Supply Depot, SCV  
  61  5:49  Terran Infantry Weapons Level 1  
  62  6:03  SCV x2, Marine x4  
  68  6:05  Supply Depot  
  68  6:06  Supply Depot  
  68  6:15  SCV x2  
  68  6:16  Medivac x2  
  74  6:21  Marine x4  
  74  6:25  Command Center  
  78  6:32  Concussive Shells  
  78  6:38  Marine x2  
  78  6:39  Marauder  
  82  6:46  Medivac x2  
  86  6:47  Factory Reactor, Marine  
  86  6:49  SCV x2  
  89  6:55  Supply Depot  
  89  6:59  Marine  
  89  7:00  Marauder  
  89  7:01  SCV  
  86  7:10  SCV  
  86  7:11  Marine  
  86  7:12  Marauder  
  86  7:13  Barracks x2, SCV  
  91  7:17  Ghost Academy  
  91  7:18  Marine  
  91  7:22  SCV  
  93  7:26  SCV  
  93  7:28  Marauder  
  93  7:29  Marine  
  97  7:30  Widow Mine x2  
  97  7:34  SCV  
  102  7:38  Supply Depot, Orbital Command  
  102  7:41  SCV  
  103  7:44  Viking  
  103  7:49  Viking  
  108  7:51  SCV  
  108  7:54  Ghost  
  109  7:59  Widow Mine x2  
  109  8:04  Ghost  
  113  8:06  SCV x2  
  113  8:08  Refinery  
  113  8:10  Ghost  
  113  8:12  SCV  
  117  8:18  SCV x2  
  120  8:20  Marauder  
  120  8:24  SCV  
  120  8:26  Terran Infantry Armor Level 1  
  121  8:28  Enhanced Shockwaves  
  121  8:30  Supply Depot, Missile Turret  
  121  8:31  Ghost  
  123  8:35  Marauder  
  123  8:41  Supply Depot, SCV, Marine  
  125  8:42  Missile Turret  
  125  8:43  Supply Depot  
  125  8:51  Medivac x2, Marine  
  125  8:52  Supply Depot, Marine  
  125  8:54  SCV  
  132  9:06  Supply Depot  
  132  9:08  Supply Depot, Marine x3  
  132  9:09  Marine  
  135  9:12  Supply Depot  
  135  9:13  Marine  
  137  9:17  SCV  
  137  9:21  Liberator x2  
  144  9:24  Ghost  
  144  9:25  Armory  
  144  9:26  Engineering Bay  
  144  9:27  Marauder, Marine  
  153  9:31  Widow Mine x2  
  153  9:36  Supply Depot  
  153  9:41  Missile Turret  
  153  9:44  Marauder, Marine x2  
  157  9:48  Marauder  
  157  9:50  Marine  
  160  9:53  Marauder  
  160  9:56  Widow Mine  
  164  10:02  Marine  
  164  10:05  Marine  
  167  10:07  Marauder  
  167  10:10  Command Center  
  167  10:13  Marine  
  170  10:15  Terran Infantry Weapons Level 2  
  170  10:18  Terran Ship Weapons Level 1  
  170  10:22  Viking  
  170  10:26  Viking  
  170  10:27  Marine  
  175  10:32  Missile Turret  
  175  10:34  Terran Infantry Armor Level 2  
  173  10:36  Missile Turret  
  173  10:37  Marine  
  173  10:38  Marauder  
  176  10:43  SCV, Marine  
  176  10:45  SCV  
  176  10:47  Marine  
  183  10:54  Widow Mine  
  183  10:55  Marine  
  186  11:01  Ghost  
  181  11:07  SCV  
  181  11:09  Starport  
  181  11:10  Fusion Core  
  181  11:11  SCV x2  
  184  11:13  Marine  
  184  11:14  Marauder  
  184  11:15  Marine  
  187  11:20  SCV  
  187  11:23  SCV  
  187  11:24  Liberator  
  190  11:27  Marauder  
  190  11:28  Missile Turret  
  185  11:38  Marauder x2, Planetary Fortress  
  187  11:43  SCV  
  187  11:47  Marine x2  
  187  11:50  Barracks  
  187  11:51  Starport Reactor  
  187  11:52  Barracks  
  189  11:58  Widow Mine x2  
  189  11:59  Ghost  
  189  12:00  Marine  
  189  12:01  Marauder  
  190  12:07  Marine  
  188  12:11  Marine  
  188  12:13  Refinery  
  188  12:15  Refinery  
  189  12:16  Sensor Tower  
  189  12:18  SCV  
  189  12:20  Advanced Ballistics, Widow Mine  
  188  12:27  Marauder, Marine  
  191  12:30  SCV, Marine  
  191  12:31  Marauder  
  200  12:43  Ghost  
  188  12:44  Marauder  
  188  12:50  Marauder, Marine x3  
  183  12:52  Marauder  
  175  13:06  Marauder  
  175  13:07  Marine x2  
  175  13:09  Barracks Tech Lab x2  
  175  13:10  Terran Infantry Weapons Level 3  
  175  13:11  Terran Infantry Armor Level 3, Ghost  
  175  13:12  Marauder  
  176  13:15  Command Center, Marine  
  177  13:25  Marine  
  177  13:27  Marauder, Marine  
  177  13:28  Marine x2  
  177  13:32  Ghost  
  177  13:33  Marine  
  179  13:36  Widow Mine  
  179  13:37  Widow Mine  
  179  13:39  Marine  
  157  13:43  Marine  
  157  13:45  Liberator, Marine x2  
  157  13:46  Marauder  
  157  13:48  Marine  
  166  13:50  Liberator  
  166  13:51  Marauder  
  171  13:57  Marine  
  171  13:58  Liberator  
  171  13:59  SCV  
  171  14:01  Marine  
  171  14:02  SCV, Marauder  
  180  14:03  Marine  
  180  14:04  Marauder  
  180  14:06  Marine  
  180  14:08  Marauder  
  186  14:11  SCV  
  186  14:12  Marine  
  186  14:13  Viking  
  186  14:16  Marauder  
  192  14:19  Marine  
  192  14:21  Marine  
  192  14:23  Marauder, Marine  
  197  14:25  Marine  
  197  14:28  Viking  
  198  14:32  Marine  
  198  14:33  Liberator  
  196  14:40  Refinery  
  196  14:41  Refinery, Viking  
  196  14:45  Viking  
  200  14:48  Barracks Tech Lab  
  189  15:15  SCV, Viking  
  189  15:18  Marauder  
  186  15:23  Marauder  
  186  15:24  Marauder, Marine  
  171  15:30  Marauder  
  171  15:32  Marine x2  
  171  15:33  Marauder  
  168  15:39  Marauder  
  168  15:41  Marine  
  168  15:42  SCV  
  169  15:43  SCV x2  
  169  15:45  Marauder  
  169  15:46  Liberator x2, Marauder  
  169  15:47  SCV  
  179  15:50  Marine  
  179  15:51  Marauder x2  
  179  15:53  Marine  
  179  15:54  SCV  
  179  15:55  SCV  
  179  15:57  Planetary Fortress  
  188  15:59  Marine  
  188  16:02  Liberator  
  191  16:05  Marine  
  191  16:06  Liberator, Marauder  
  193  16:13  Marine  
  193  16:17  Marine  
  179  16:18  SCV  
  179  16:22  SCV  
  180  16:27  Marauder  
  180  16:28  SCV  
  180  16:29  Liberator, SCV, Medivac  
  180  16:31  SCV  
  176  16:34  SCV  
  173  16:41  SCV  
  173  16:42  Marine  
  173  16:45  Viking  
  172  16:48  SCV  
  172  16:49  SCV  
  172  16:50  SCV  
  172  16:51  Marine  
  172  16:53  SCV  
  172  16:54  Marine  
  179  17:06  Widow Mine  
  178  17:13  SCV  
Show
View Real Time Build Order
Export as new Build Order

DisK Protoss 

Build Orders: 1 Gate Expand, Blink Stalkers, Zealot Archon 

Get SALT Encoding   

  12  0:00  Probe  
  13  0:12  Probe  
  14  0:17  Pylon  
  14  0:24  Probe  
  15  0:35  Gateway  
  15  0:36  Probe (Chrono Boost)  
  16  0:45  Probe (Chrono Boost)  
  16  0:46  Assimilator  
  17  0:50  Probe (Chrono Boost)  
  18  1:03  Probe  
  19  1:15  Probe  
  20  1:22  Cybernetics Core  
  20  1:32  Nexus  
  20  1:39  Zealot (Chrono Boost)  
  22  1:46  Pylon  
  22  1:54  Probe  
  23  1:59  Warp Gate  
  23  2:10  Adept (Chrono Boost)  
  23  2:18  Probe  
  23  2:20  Assimilator  
  24  2:27  Shield Battery  
  24  2:30  Probe  
  24  2:31  Stalker (Chrono Boost)  
  28  2:44  Probe (Chrono Boost)  
  28  2:48  Twilight Council, Probe (Chrono Boost)  
  30  3:00  Probe (Chrono Boost)  
  30  3:01  Probe (Chrono Boost)  
  30  3:04  Probe (Chrono Boost)  
  30  3:09  Probe  
  32  3:16  Probe (Chrono Boost)  
  33  3:23  Blink (Chrono Boost)  
  33  3:25  Probe (Chrono Boost)  
  34  3:28  Probe (Chrono Boost)  
  36  3:35  Probe (Chrono Boost)  
  36  3:36  Probe (Chrono Boost)  
  37  3:41  Gateway  
  37  3:42  Probe  
  37  3:47  Probe  
  39  3:49  Stalker  
  39  3:54  Probe  
  42  3:59  Probe  
  43  4:05  Pylon  
  43  4:06  Probe  
  43  4:07  Robotics Facility  
  44  4:11  Probe  
  45  4:19  Probe  
  46  4:31  Probe x2  
  46  4:34  Nexus  
  46  4:37  Pylon  
  48  4:38  Stalker  
  48  4:42  Assimilator  
  48  4:44  Probe, Assimilator  
  48  4:45  Probe  
  50  4:50  Stalker  
  52  4:54  Observer  
  52  4:56  Probe  
  52  4:57  Probe  
  55  5:01  Gateway  
  55  5:04  Gateway  
  55  5:08  Probe  
  55  5:09  Probe  
  55  5:10  Stalker  
  55  5:13  Pylon  
  59  5:15  Observer  
  59  5:18  Observer  
  61  5:21  Templar Archives, Probe  
  61  5:23  Probe  
  62  5:32  Pylon  
  62  5:35  Gateway  
  62  5:41  Stalker x2  
  62  5:42  Psionic Storm  
  66  5:43  Probe  
  66  5:44  Charge (Chrono Boost), Probe  
  66  5:47  Gateway  
  68  5:54  Probe  
  68  5:56  Probe  
  70  6:05  Shield Battery  
  70  6:06  Probe  
  70  6:07  Probe  
  70  6:08  Probe  
  73  6:18  Probe  
  73  6:19  Probe  
  73  6:20  Zealot, High Templar x2  
  73  6:21  Zealot  
  73  6:24  Pylon  
  82  6:26  Probe  
  82  6:30  Probe  
  84  6:33  High Templar  
  84  6:38  Gateway  
  86  6:40  Gateway, Probe  
  86  6:41  Probe  
  86  6:44  Assimilator x2  
  86  6:46  Probe  
  89  6:52  Pylon  
  89  6:53  Probe  
  90  6:56  Pylon  
  89  7:05  Probe x3  
  92  7:08  Zealot x2  
  92  7:09  Zealot x2  
  92  7:10  Zealot  
  92  7:12  Pylon  
  102  7:15  Zealot  
  102  7:17  Probe x2  
  102  7:18  Observer  
  106  7:23  Pylon  
  106  7:25  Forge x2  
  106  7:28  Pylon  
  106  7:31  High Templar x3  
  106  7:33  High Templar  
  106  7:36  Pylon  
  114  7:37  Archon  
  114  7:38  Archon  
  114  7:43  Warp Prism  
  117  7:44  Probe x3  
  117  7:51  Protoss Ground Weapons Level 1 (Chrono Boost), Protoss Ground Armor Level 1 (Chrono Boost)  
  119  7:53  Robotics Bay  
  116  8:02  Zealot x3  
  118  8:15  High Templar  
  118  8:16  Zealot x3, High Templar  
  118  8:17  Probe  
  118  8:19  Observer, Pylon  
  130  8:21  Archon  
  130  8:28  Nexus  
  130  8:29  Pylon  
  130  8:33  Observer  
  130  8:44  Zealot x4, Immortal  
  142  8:52  Pylon  
  142  9:01  Pylon  
  142  9:05  Dark Shrine, Robotics Facility  
  142  9:15  Stalker x3  
  142  9:16  Stalker  
  150  9:22  Disruptor  
  150  9:23  Probe x2  
  150  9:24  Probe  
  156  9:26  Protoss Ground Weapons Level 2 (Chrono Boost)  
  156  9:28  Stalker x4  
  163  9:38  Shield Battery  
  163  9:45  Protoss Ground Armor Level 2 (Chrono Boost)  
  163  9:46  Stalker x2  
  163  9:47  Stalker  
  167  10:01  Disruptor x2  
  168  10:10  Zealot x7  
  182  10:19  Assimilator  
  182  10:21  Dark Templar  
  184  10:24  Pylon  
  184  10:26  Gateway x2  
  184  10:30  Zealot x3  
  184  10:31  Zealot  
  190  10:39  Disruptor x2  
  196  10:44  Zealot x2  
  196  10:57  Stalker x2  
  194  11:05  Stalker x3  
  194  11:06  Probe x2  
  199  11:18  Probe  
  194  11:33  Archon  
  194  11:38  Zealot  
  194  11:39  Zealot x4  
  200  11:51  Gravitic Drive  
  200  11:57  Nexus  
  200  11:59  Pylon  
  190  12:07  Dark Templar x3  
  190  12:08  Stalker x2  
  200  12:17  Pylon  
  200  12:18  Pylon  
  198  12:24  Zealot x4  
  198  12:28  Zealot x2  
  166  12:51  Zealot x5  
  166  12:52  Zealot x2, Probe x2  
  166  12:53  Colossus (Chrono Boost), Probe  
  179  13:03  Colossus (Chrono Boost)  
  171  13:11  Shadow Stride (Chrono Boost)  
  171  13:13  Probe x4, Pylon  
  171  13:18  Stalker  
  171  13:19  Stalker  
  179  13:20  Stalker x2  
  183  13:31  Pylon  
  183  13:34  Pylon  
  179  13:42  Zealot x4  
  179  13:44  Stalker x2  
  179  13:47  Colossus (Chrono Boost)  
  191  13:51  Extended Thermal Lance  
  196  13:56  Observer (Chrono Boost)  
  196  13:58  Pylon  
  196  14:01  Pylon  
  196  14:03  Shield Battery  
  196  14:07  Photon Cannon  
  196  14:08  Photon Cannon  
  196  14:14  Stalker x2  
  200  14:18  Observer  
  200  14:27  Stalker x2  
  187  14:40  Disruptor  
  187  14:41  Disruptor  
  187  14:44  Probe  
  187  14:45  Probe x2  
  194  14:59  Stargate  
  194  15:00  Stargate  
  168  15:27  Zealot x10  
  126  15:38  Colossus x2 (Chrono Boost)  
  134  15:57  Dark Templar  
  134  15:58  Dark Templar x9  
  123  16:32  Zealot x6  
  126  16:33  Zealot x4  
  126  16:38  Observer  
  99  16:52  Stalker  
  99  16:53  Stalker x8  
  115  16:57  Disruptor (Chrono Boost)  
  115  17:00  Disruptor (Chrono Boost)  
  118  17:17  Zealot x4  
Tags
 
Add a new tag
Caveats
  • Supply blocks, unpowered buildings, or Contaminate may cause inaccurate times.
  • Supply counts are checked every 10 seconds.